 Dungeon Crawl Stone Soup version 0.29-a0-845-g6161e89988 (webtiles) character file.

Game seed: 10644457191805705831

68140 buhh the Gelid (level 16, -10/137 HPs)
             Began as a Meteoran Ice Elementalist on July 16, 2022.
             Was the Champion of Cheibriados.
             Mangled by a naga
             ... wielding a +0 war axe
              (17 damage)
             ... on level 1 of the Snake Pit.
             The game lasted 01:10:26 (10636 turns).

buhh the Gelid (Meteoran Ice Elementalist)         Turns: 10636, Time: 01:10:26

Health: -10/137    AC: 10    Str: 33    XL:     16   Next: 16%
Magic:  31/31      EV: 17    Int: 38    God:    Cheibriados [******]
Gold:   88         SH:  0    Dex: 32    Spells: 8/35 levels left

rFire   . . .      SeeInvis .   s - +2 rapier (vamp)
rCold   . . .      Faith    .   (no shield)
rNeg    . . .      Spirit   .   i - +2 robe {Will+}
rPois   .          Reflect  .   (no helmet)
rElec   +          Harm     .   G - +2 cloak
rCorr   .          Rampage  .   O - +0 pair of gloves "Pashrulink" {rElec Will+ Dex+2}
Will    +++++                   y - +2 pair of boots
Stlth   +.........              n - amulet of regeneration
HPRegen 1.12/turn               j - +6 ring of strength
MPRegen 0.22/turn               H - ring of willpower

@: lethally poisoned (-10 -> -18), slowed, glowing, constricted, very slow
A: sense surroundings 2, otherworldly, glowing, explore regen, deformed body,
sturdy frame 1
a: Renounce Religion, Bend Time, Temporal Distortion, Slouch, Step From Time


You were on level 1 of the Snake Pit.
You worshipped Cheibriados.
Cheibriados was exalted by your worship.
You visited 5 branches of the dungeon, and saw 25 of its levels.

You collected 2100 gold pieces.
You spent 2012 gold pieces at shops.

Inventory:

Hand Weapons
 s - a +2 vampiric rapier (weapon)
Missiles
 K - 3 silver javelins
 Z - 5 curare-tipped darts
Armour
 e - +0 fire dragon scales
 i - a +2 robe of willpower (worn)
 y - a +2 pair of boots (worn)
 D - +4 steam dragon scales
 G - a +2 cloak (worn)
 O - the +0 pair of gloves "Pashrulink" (worn) {rElec Will+ Dex+2}
   (You bought it in a shop on level 11 of the Dungeon)

   Dex:       It affects your dexterity (+2).
   rElec:     It insulates you from electricity.
   Will:      It increases your willpower.
Magical Staves
 l - a staff of air
 I - a staff of fire
 L - a staff of poison
 R - a staff of death
 V - a staff of fire
Jewellery
 j - a +6 ring of strength (left hand)
 n - an amulet of regeneration (around neck)
 A - a ring of fire
 H - a ring of willpower (right hand)
 Y - an amulet of reflection
Wands
 C - a wand of iceblast (3)
 E - a wand of flame (16)
 F - a wand of polymorph (12)
 Q - a wand of mindburst (9)
Scrolls
 c - a scroll of teleportation {!d!d}
 d - 5 scrolls of magic mapping {!d}
 g - a scroll of amnesia
 z - 3 scrolls of silence {!r}
 M - 2 scrolls of vulnerability
 S - a scroll of summoning
 U - 3 scrolls of fear {!d}
 W - 2 scrolls of noise
Potions
 a - 2 potions of flight {unknown}
 k - 5 potions of degeneration
 m - 4 potions of might
 o - 4 potions of mutation {!q!d}
 p - 4 potions of invisibility {!d}
 r - 3 potions of cancellation {!q!d}
 t - 3 potions of brilliance {!d}
 u - 3 potions of attraction
 w - 3 potions of heal wounds {!d}
 B - a potion of berserk rage {unknown}
 J - 2 potions of ambrosia {unknown}
 N - 4 potions of lignification {unknown}
 P - 2 potions of resistance {unknown}
 T - 3 potions of haste {unknown}
Miscellaneous
 X - a box of beasts


   Skills:
 - Level 11.2 Fighting
 - Level 7.1 Dodging
 - Level 1.7 Stealth
 - Level 10.0 Spellcasting
 - Level 9.0 Conjurations
 - Level 9.0 Necromancy
 - Level 9.0 Transmutations
 * Level 18.2 Ice Magic
 * Level 11.2 Invocations


You had 8 spell levels left.
You knew the following spells:

 Your Spells              Type           Power      Damage    Failure   Level
a - Freeze                Ice            100%       1d11      0%          1
b - Frozen Ramparts       Ice            100%       1d12      0%          3
c - Ozocubu's Armour      Ice            100%       N/A       0%          3
d - Hailstorm             Conj/Ice       89%        3d18      1%          4
e - Simulacrum            Ice/Necr       44%        N/A       1%          6
f - Freezing Cloud        Conj/Ice/Air   36%        6-21      1%          5
g - Irradiate             Conj/Tmut      36%        3d23      1%          5

Your spell library contained the following spells:

 Spells                   Type           Power      Damage    Failure   Level
 Magic Dart               Conj           100%       1d8       1%          1
 Slow                     Hex            76%        N/A       1%          1
 Ensorcelled Hibernation  Hex/Ice        100%       N/A       1%          2
 Searing Ray              Conj           100%       2d8       1%          2
 Sublimation of Blood     Necr           73%        N/A       1%          2
 Spider Form              Tmut/Pois      52%        N/A       1%          3
 Vampiric Draining        Necr           73%        2d11      1%          3
 Anguish                  Hex/Necr       26%        N/A       3%          4
 Fulminant Prism          Conj/Hex       26%        3d14      3%          4
 Petrify                  Tmut/Erth      52%        N/A       3%          4
 Call Canine Familiar     Summ           19%        N/A       6%          3
 Confusing Touch          Hex            19%        N/A       6%          3
 Gell's Gravitas          Tloc           19%        N/A       6%          3
 Lesser Beckoning         Tloc           19%        N/A       6%          3
 Portal Projectile        Hex/Tloc       38%        N/A       6%          3
 Teleport Other           Tloc           19%        N/A       6%          3
 Leda's Liquefaction      Hex/Erth       9%         N/A       21%         4
 Polar Vortex             Ice            51%        N/A       75%         9


Dungeon Overview and Level Annotations

Branches:
Dungeon (14/15) Zot: 2683  Temple (1/1) D:7 Zot: 823    Lair (6/6) D:11 Zot: 854
 Shoals (0/4) Lair:3        Snake (2/4) Lair:4 Zot: 1389   Slime (0/5) Lair:5
    Orc (2/2) D:11 Zot: 9     Elf (0/3) Orc:2
 Vaults: D:13-14

Altars:
Ashenzari
Cheibriados
Elyvilon
Fedhas
Gozag
Hepliaklqana
Kikubaaqudgha
Makhleb
Nemelex Xobeh
Okawaru
Qazlal
Ru
Sif Muna
Trog
Uskayaw
Vehumet
Wu Jian
Xom
Yredelemnul
Zin
The Shining One
Jiyva
Lugonu

Shops:
D:11 *   Orc:2 ![[*[

Portals:
Abyss: Orc:2

Annotations:
D:6 2 runed translucent doors
D:14 exclusion: skeleton
Snake:1 3 runed translucent doors, exclusion: obsidian statue, coolguy69's ghost, adept VSBe


Innate Abilities, Weirdness & Mutations

You passively map the area around you.
You are easily found by Zot.
You glow in the dark.
You regain HP and MP as you explore.
Armour fits poorly on your strangely shaped body.
Your movements are slightly less encumbered by armour. (ER -2)


Message History

You feel extremely sick. The naga spits poison at you.
The splash of poison hits you but does no damage.
You are more poisoned.
You have difficulty breathing.
You feel as though you will be slow longer.
You feel extremely sick.
The naga mage gestures at you while chanting.
The bolt of poison hits the naga!
The bolt of poison hits you!
You are more poisoned.
The naga spits poison at you. The splash of poison misses you.
You feel extremely sick. The naga completely misses you.
The naga closely misses you. The naga hits you with a +0 war axe!
The naga misses you.
The naga mage casts a spell.
The naga mage seems to speed up.
The naga hits you with a +0 war axe!!
* * * LOW HITPOINT WARNING * * *
The naga closely misses you.
The naga mage gestures at you while chanting.
The bolt of poison hits the naga.
The bolt of poison misses you.
You hit the naga.
You feel better.
The naga is heavily wounded.
You feel very sick.
The naga no longer looks unusually toxic.
The naga mage points at you and mumbles some strange words.
The bolt of poison hits the naga!
The bolt of poison hits you!!
You are more poisoned.
* * * LOW HITPOINT WARNING * * *
The naga barely misses you. The naga grabs you. The naga constricts you.
* * * LOW HITPOINT WARNING * * *
The naga mage hits you but does no damage.
The naga misses you. The naga constricts you.
* * * LOW HITPOINT WARNING * * *
You closely miss the naga.
The naga is severely wounded.
* * * LOW HITPOINT WARNING * * *
You feel very sick.
The naga mage closely misses you. x2; The naga hits you with a +0 war axe!
You die...

**#,...........,,,,,,,,*,***
#.#..........,,,,,,,,,,*
#.#$.N.......,,,,,,,,,***
*...........>,,,,,,,,,,,**
**#N....^....,,,,,,,,,,,,, ##
*#........#*,*,,,,,,,,,, .#####
##...#,,,***,,*,,,,,,,,,
..>..#####....########...,,,,,,,,
####..........NN@........,**,,,,,
.#####..#...##########...,,,,,,,,
$!#........##*** *,,,,,,,,,**
$8#..##........#*** *,,,,,,,,,*
$∩#.....######....****,,,,,,,,,*
$8####### ***#.,,,,,,,,,,,,,* $.#
******,,,,,,,,,* .## *,,,,,,,,,*
## *,,,,,,,,,*


You could see a naga mage (fast) and a naga.

Vanquished Creatures
  A fire dragon (Lair:4)
  4 boulder beetles
  2 centaur warriors
  A catoblepas (D:13)
  4 two-headed ogres
  A naga warrior (Snake:2)
  A naga sharpshooter (Snake:1)
  8 orc high priests (Orc:2)
  Sonja (Lair:4)
  Amaemon (Lair:3)
  A sea snake (Lair:6)
  2 orc knights
  A lindwurm (Lair:6)
  A deep elf pyromancer (D:11)
  An orc sorcerer (Orc:1)
  4 cyclopes
  An ugly thing (D:12)
  6 elephants
  3 manticores (Lair:6)
  6 black mambas
  2 naga magi
  2 gargoyles
  A torpor snail (Lair:4)
  10 cane toads
  An orange demon (Lair:3)
  Maggie (D:6)
  A kobold demonologist (D:12)
  14 rime drakes
  8 komodo dragons
  An ice devil (D:11)
  A troll (D:13)
  3 meliai (D:14)
  2 hornets
  A polar bear (Lair:6)
  6 blink frogs
  2 dream sheep (Lair:6)
  3 snapping turtles (Lair:6)
  3 shadows
  A basilisk (Lair:5)
  A vampire (Lair:1)
  3 wraiths
  26 yaks
  3 wyverns
  11 steam dragons
  Eustachio (D:6)
  9 vampire mosquitoes
  13 wargs
  Edmund (D:4)
  An acid dragon (D:14)
  17 water moccasins
  5 nagas
  15 orc warriors
  A black bear (Lair:3)
  A sky beast (D:8)
  11 wolves
  5 ogres
  3 boggarts (D:11)
  7 centaurs
  A kobold brigand (D:12)
  4 necrophages
  7 bullfrogs
  3 scorpions
  9 killer bees
  An electric eel (D:12)
  A howler monkey (D:13)
  8 jellies
  30 orc priests
  A gnoll bouda (D:8)
  6 hounds
  5 iguanas (D:5)
  25 orc wizards
  Robin (D:4)
  5 gnolls (D:8)
  An adder (D:2)
  2 white imps
  An ufetubus (D:5)
  2 worms
  3 dart slugs
  68 orcs
  5 ball pythons
  6 bats
  5 endoplasms
  2 giant cockroaches
  10 goblins
  10 hobgoblins
  4 quokkas
  A frilled lizard (D:2)
  9 kobolds
  2 rats
485 creatures vanquished.

Vanquished Creatures (collateral kills)
  Rupert (Orc:2)
  A dire elephant (Lair:6)
  A merfolk avatar (Lair:6)
  A naga warrior (Snake:2)
  A tengu warrior (D:13)
  A shock serpent (Snake:2)
  A salamander mystic (Snake:2)
  A salamander (Snake:2)
  An elephant (Lair:6)
  A black mamba (Snake:2)
  2 cane toads (Lair:6)
  3 komodo dragons (Lair:6)
  4 trolls
  An ice devil (D:11)
  2 hornets (Lair:6)
  3 dream sheep (Lair:6)
  4 blink frogs (Lair:6)
  A wyvern (Lair:6)
  A yak (Lair:5)
  3 vampire mosquitoes (D:13)
  5 nagas
  An ogre (Orc:2)
  A kobold brigand (D:12)
  An orc priest (D:12)
  An orc wizard (Orc:2)
  An orc (Orc:2)
44 creatures vanquished.

Vanquished Creatures (others)
  34 fungi
  A lurking horror (Orc:2)
  49 plants
84 creatures vanquished.

Grand Total: 613 creatures vanquished

Notes
Turn   | Place    | Note
-------+----------+-------------------------------------------
     0 | D:1      | buhh the Meteoran Ice Elementalist began the quest for the
                  | Orb.
     0 | D:1      | Reached XP level 1. HP: 14/14 MP: 5/5
    48 | D:1      | Reached XP level 2. HP: 15/20 MP: 3/6
   182 | D:1      | Found a faded altar of an unknown god.
   349 | D:2      | Reached XP level 3. HP: 20/26 MP: 5/8
   390 | D:2      | Learned a level 3 spell: Frozen Ramparts
   394 | D:2      | Learned a level 3 spell: Ozocubu's Armour
   535 | D:2      | Reached XP level 4. HP: 33/33 MP: 4/9
   615 | D:3      | Reached skill level 5 in Ice Magic
   798 | D:3      | Reached XP level 5. HP: 30/38 MP: 7/10
  1078 | D:4      | Noticed a necrophage
  1098 | D:4      | Killed a necrophage
  1099 | D:4      | Reached XP level 6. HP: 35/45 MP: 11/11
  1275 | D:4      | Noticed Edmund
  1291 | D:4      | Killed Edmund
  1292 | D:4      | Reached skill level 5 in Dodging
  1292 | D:4      | Reached skill level 6 in Ice Magic
  1346 | D:5      | Entered Level 5 of the Dungeon
  1352 | D:5      | Reached XP level 7. HP: 39/50 MP: 4/12
  1418 | D:4      | Reached skill level 7 in Ice Magic
  1442 | D:4      | Noticed Robin
  1445 | D:4      | Killed Robin
  1478 | D:4      | Reached XP level 8. HP: 48/55 MP: 7/13
  1558 | D:5      | Learned a level 4 spell: Hailstorm
  1614 | D:5      | Reached skill level 8 in Ice Magic
  1874 | D:5      | Reached skill level 9 in Ice Magic
  1962 | D:6      | Noticed Maggie
  1978 | D:6      | Killed Maggie
  1979 | D:6      | Reached skill level 10 in Ice Magic
  1979 | D:6      | Gained mutation: You passively map the area around you.
                  | [Meteoran growth]
  1979 | D:6      | Reached XP level 9. HP: 43/62 MP: 4/14
  2055 | D:6      | Found a large runed translucent door.
  2056 | D:6      | Found a large runed translucent door.
  2166 | D:6      | Noticed Eustachio
  2185 | D:6      | Killed Eustachio
  2210 | D:6      | Found a radiant altar of Vehumet.
  2269 | D:6      | You fall into a shaft and drop 1 floor!
  2269 | D:7      | Found a shimmering altar of Xom.
  2313 | D:7      | Reached skill level 11 in Ice Magic
  2388 | D:7      | Reached skill level 1 in Fighting
  2525 | D:7      | Reached skill level 5 in Fighting
  2525 | D:7      | Reached XP level 10. HP: 55/83 MP: 11/15
  2575 | D:7      | Found a staircase to the Ecumenical Temple.
  2875 | D:9      | Noticed a two-headed ogre
  2880 | D:9      | Killed a two-headed ogre
  3234 | Temple   | Entered the Ecumenical Temple
  3263 | Temple   | Became a worshipper of Cheibriados the Contemplative
  3420 | D:9      | Found a white marble altar of Elyvilon.
  3423 | D:9      | Found a sacrificial altar of Ru.
  3454 | D:9      | Reached skill level 1 in Conjurations
  3454 | D:9      | Reached skill level 1 in Transmutations
  3661 | D:10     | Entered Level 10 of the Dungeon
  3661 | D:10     | Noticed a gargoyle
  3900 | D:9      | Noticed a two-headed ogre
  3911 | D:9      | Killed a two-headed ogre
  3912 | D:9      | Reached skill level 10 in Fighting
  3912 | D:9      | Reached XP level 11. HP: 51/100 MP: 4/16
  4098 | D:10     | Noticed a two-headed ogre
  4123 | D:10     | Reached * piety under Cheibriados
  4251 | D:11     | Noticed a deep elf pyromancer
  4260 | D:11     | Killed a deep elf pyromancer
  4264 | D:11     | Found Atics's Assorted Antiques.
  4272 | D:11     | Bought a pair of smoking gloves for 313 gold pieces
  4272 | D:11     | Identified the +0 pair of gloves "Pashrulink" {rElec Will+
                  | Dex+2} (You bought it in a shop on level 11 of the Dungeon)
  4272 | D:11     | Bought a scroll of identify for 66 gold pieces
  4272 | D:11     | Bought a scroll of identify for 66 gold pieces
  4288 | D:11     | Found a sparkling altar of Nemelex Xobeh.
  4361 | D:11     | Reached skill level 5 in Conjurations
  4361 | D:11     | Reached skill level 5 in Transmutations
  4390 | D:11     | Found a frozen archway.
  4412 | D:11     | Noticed a cyclops
  4427 | D:11     | Killed a cyclops
  4499 | D:11     | Noticed a boulder beetle
  4511 | D:11     | Killed a boulder beetle
  4554 | D:11     | HP: 3/102 [spore (36)]
  4763 | D:10     | Noticed a cyclops
  4775 | D:10     | Killed a cyclops
  4938 | D:11     | Found a staircase to the Lair.
  4945 | D:11     | Noticed a centaur warrior
  4949 | Lair:1   | Entered Level 1 of the Lair of Beasts
  5028 | Lair:1   | Reached XP level 12. HP: 108/110 MP: 11/17
  5106 | Lair:1   | Reached ** piety under Cheibriados
  5123 | Lair:1   | Found a gate leading to a gauntlet.
  5179 | Lair:1   | Learned a level 5 spell: Irradiate
  5260 | Lair:1   | Noticed a boulder beetle
  5269 | Lair:1   | Killed a boulder beetle
  5717 | Lair:3   | Reached skill level 5 in Spellcasting
  5882 | Lair:3   | Noticed Amaemon
  5884 | Lair:3   | Found a staircase to the Shoals.
  5886 | Lair:3   | Reached skill level 12 in Ice Magic
  5888 | Lair:3   | Killed Amaemon
  5889 | Lair:3   | Reached *** piety under Cheibriados
  6101 | Lair:4   | Reached XP level 13. HP: 100/116 MP: 12/24
  6166 | Lair:4   | Noticed Sonja
  6175 | Lair:4   | Killed Sonja
  6233 | Lair:4   | Reached skill level 13 in Ice Magic
  6238 | Lair:4   | Reached **** piety under Cheibriados
  6254 | Lair:4   | Noticed a fire dragon
  6282 | Lair:4   | Found a staircase to the Snake Pit.
  6519 | Lair:5   | Learned a level 6 spell: Simulacrum
  6569 | Lair:6   | Entered Level 6 of the Lair of Beasts
  6577 | Lair:6   | Reached skill level 1 in Necromancy
  6699 | Lair:5   | Reached skill level 10 in Spellcasting
  6760 | Lair:5   | Reached skill level 14 in Ice Magic
  6763 | Lair:5   | Found a viscous altar of Jiyva.
  6764 | Lair:5   | Found a staircase to the Slime Pits.
  6883 | Lair:6   | Reached ***** piety under Cheibriados
  6980 | Lair:6   | Learned a level 5 spell: Freezing Cloud
  6996 | Lair:6   | Paralysed by a hornet for 3 turns
  7000 | Lair:6   | Reached XP level 14. HP: 75/124 MP: 13/29
  7019 | Lair:6   | Reached skill level 5 in Necromancy
  7088 | Lair:6   | Reached skill level 15 in Ice Magic
  7201 | Lair:6   | Noticed a dire elephant
  7203 | Lair:6   | Killed a dire elephant
  7248 | Lair:6   | Identified the +6 trident of Domination {vorpal, rF- Dex+6}
  7385 | Lair:6   | Reached skill level 16 in Ice Magic
  7407 | Lair:6   | Reached skill level 1 in Invocations
  7774 | D:12     | Reached ****** piety under Cheibriados
  8033 | D:13     | Reached XP level 15. HP: 130/130 MP: 21/30
  8131 | D:13     | Reached skill level 5 in Invocations
  9180 | D:11     | Found a staircase to the Orcish Mines.
  9193 | Orc:1    | Entered Level 1 of the Orcish Mines
  9249 | Orc:1    | Reached skill level 17 in Ice Magic
  9272 | Orc:1    | Found a bloodstained altar of Trog.
  9328 | Orc:2    | Entered Level 2 of the Orcish Mines
  9456 | Orc:2    | Found a one-way gate to the infinite horrors of the Abyss.
  9459 | Orc:2    | Found a corrupted altar of Lugonu.
  9478 | Orc:2    | Found Ragriam's Assorted Antiques.
  9486 | Orc:2    | Found Kuwasat's Antique Armour Boutique.
  9503 | Orc:2    | Bought 2 cyan potions for 52 gold pieces
  9503 | Orc:2    | Bought a scroll of teleportation for 87 gold pieces
  9503 | Orc:2    | Bought a dark potion for 26 gold pieces
  9503 | Orc:2    | Bought a scroll labelled MON TE POT for 29 gold pieces
  9615 | Orc:2    | Found a staircase to the Elven Halls.
  9666 | Orc:2    | Gained mutation: You have hidden genetic defects.
                  | [mutagenic glow]
  9890 | Orc:2    | Found Wotiweit's Antique Armour Boutique.
  9890 | Orc:2    | Found Reufojin's Antique Armour Shoppe.
  9896 | Orc:2    | Bought an embroidered robe for 107 gold pieces
  9943 | Orc:2    | Bought an embroidered robe for 114 gold pieces
  9952 | Orc:2    | Bought a forked glass wand for 116 gold pieces
  9980 | Orc:2    | Lost mutation: You have hidden genetic defects. [potion of
                  | mutation]
  9980 | Orc:2    | Gained mutation: Armour fits poorly on your strangely
                  | shaped body. [potion of mutation]
  9980 | Orc:2    | Gained mutation: Your movements are slightly less
                  | encumbered by armour. (ER -2) [potion of mutation]
 10057 | Orc:2    | Found Fueheug's Distillery.
 10058 | Orc:2    | Noticed Rupert
 10071 | Orc:2    | Killed Rupert
 10077 | Orc:2    | Bought a potion of heal wounds for 70 gold pieces
 10077 | Orc:2    | Bought 2 potions of heal wounds for 140 gold pieces
 10077 | Orc:2    | Bought a potion of mutation for 112 gold pieces
 10077 | Orc:2    | Bought a potion of might for 56 gold pieces
 10077 | Orc:2    | Bought a potion of cancellation for 112 gold pieces
 10077 | Orc:2    | Bought a potion of cancellation for 112 gold pieces
 10077 | Orc:2    | Bought 2 potions of brilliance for 112 gold pieces
 10164 | Orc:2    | Glimpsed the power of Zot.
 10190 | Orc:2    | Glimpsed the power of Zot.
 10211 | Orc:1    | Glimpsed the power of Zot.
 10231 | D:11     | Bought a fizzy red potion for 29 gold pieces
 10231 | D:11     | Bought a murky orange potion for 29 gold pieces
 10231 | D:11     | Bought a potion of cancellation for 264 gold pieces
 10365 | Lair:4   | Reached skill level 10 in Invocations
 10397 | Snake:1  | Entered Level 1 of the Snake Pit
 10441 | Snake:1  | Reached XP level 16. HP: 33/137 MP: 4/31
 10456 | Snake:1  | Reached skill level 18 in Ice Magic
 10578 | Snake:1  | Found a runed translucent gate.
 10578 | Snake:1  | Found a runed translucent gate.
 10578 | Snake:1  | Found a runed translucent gate.
 10579 | Snake:1  | Found an opulent altar of Gozag.
 10580 | Snake:1  | Noticed a nagaraja
 10580 | Snake:1  | Noticed coolguy69's ghost (adept VSBe)
 10636 | Snake:1  | Mangled by a naga

Illustrated notes

Levels and vault maps discovered:
D:1:      shiori_arrival_oz, layout_rooms, basic_ecumenical_altar, hex_medium
D:2:      layout_loops_ring, minmay_goblin_outpost
D:3:      layout_loops_cross
D:4:      layout_basic, uniq_pargi, uniq_sigmund, uniq_robin, uniq_edmund
D:5:      layout_rooms, minmay_misc_feat_secret_circle, uniq_crazy_yiuf_cottage
D:6:      layout_layer_cave, mainiacjoe_overflow_six_doors_small,
          minmay_hollow_rounded_squares, uniq_maggie, uniq_eustachio
D:7:      layout_loops_corners, mainiacjoe_overflow_tiny_flanked,
          minmay_temple_entry_from_below_a, small_statue_intersection,
          uniq_menkaure
D:8:      layout_loops_cross
D:9:      layout_irregular_city, minitemple
D:10:     layout_roguey
D:11:     layout_stronghold, lair_entry_dummy, orc_0_dummy, serial_shops, shop,
          portal_ice_cave_demonic_guard, nemelex_diamond_rough_becter
D:12:     layout_irregular_city, nooodl_orcs_dogs
D:13:     layout_long_grid, small_statue_intersection
D:14:     layout_roguey, hangedman_vaults_entry_quadrant_bands,
          hangedman_decor_points, nicolae_uskayaw_suspiria
Temple:   lightli_temple_of_artemis
Lair:1:   layout_regular_city, gauntlet_entry_generic, nzn_sisyphean_effort
Lair:2:   dreamdust_cave_troll, layout_loops_ring, hangedman_lair_generics_rect
Lair:3:   layout_hall_layers, minmay_shoals_entry_centaurs,
          cheibrodos_lair_caveside_slide, uniq_amaemon
Lair:4:   layout_long_grid, guppyfry_snake_entry_garden,
          bobbens_dragon_lair_wall, uniq_sonja
Lair:5:   layout_small_grid, nicolae_slime_entry_slimehenge
Lair:6:   gammafunk_lair_ancient_temple, layout_cave_pods, grunt_megastairs_2
Snake:1:  layout_rooms, ebering_ghost_gozag, drop_trap
Snake:2:  layout_cave_shapes, uniq_roxanne
Orc:1:    layout_diamond_mine, basic_altar, nicolae_orc_lost_temple
Orc:2:    st_orc_town, layout_caves, serial_shops, nicolae_shop_hallway_plus,
          amcnicky_altar_lugonu_corruption, uniq_rupert

Skill      XL: |  1  2  3  4  5  6  7  8  9 10 11 12 13 14 15 16 |
---------------+-------------------------------------------------+-----
Spellcasting   | 3 6 10 | 10.0
Dodging        | 3 4 5 6 7 |  7.1
Ice Magic      | 5 6 7 10 11 12 14 16 17 18 | 18.2
Fighting       | 5 10 11 | 11.2
Conjurations   | 3 7 9 |  9.0
Transmutations | 3 7 9 |  9.0
Necromancy     | 4 9 |  9.0
Invocations    | 3 10 11 | 11.2
Stealth        | |  1.7

Action                   |  1- 3 |  4- 6 |  7- 9 | 10-12 | 13-15 | 16-18 || total
-------------------------+-------+-------+-------+-------+-------+-------++-------
Melee: Unarmed           |     4 |       |       |       |       |       ||     4
       Short sword       |     2 |     3 |       |       |       |       ||     5
       Rapier            |       |    40 |   108 |   231 |   262 |    22 ||   663
       Punch             |       |     1 |     2 |     4 |     6 |       ||    13
Throw: Javelin           |       |       |     2 |       |       |       ||     2
       Throwing net      |       |       |     2 |       |       |       ||     2
 Cast: Freeze            |    41 |    29 |    20 |    41 |    13 |       ||   144
       Frozen Ramparts   |       |     5 |    23 |    37 |     8 |       ||    73
       Ozocubu's Armour  |       |     3 |     7 |    25 |    14 |       ||    49
       Hailstorm         |       |       |       |     9 |     6 |       ||    15
       Irradiate         |       |       |       |    20 |   150 |     4 ||   174
       Simulacrum        |       |       |       |       |    31 |     5 ||    36
       Freezing Cloud    |       |       |       |       |    16 |     1 ||    17
Invok: Slouch            |       |       |       |       |     2 |       ||     2
       Step From Time    |       |       |       |       |     1 |     1 ||     2
Evoke: Wand              |       |       |       |    11 |       |       ||    11
  Use: Scroll            |       |     7 |       |    12 |    17 |     4 ||    40
       Potion            |       |       |       |     5 |     5 |     2 ||    12
 Stab: Sleeping          |       |       |       |       |       |     1 ||     1
Armor: Robe              |    11 |    36 |    48 |       |    10 |    18 ||   123
       Steam dragon scal |       |       |    17 |   194 |   274 |       ||   485
Dodge: Dodged            |    33 |    24 |    85 |   294 |   757 |    46 ||  1239

Table legend: (Time is in decaauts)
 A = Elapsed time spent in this place.
 B = Non-inter-level travel time spent in this place.
 C = Inter-level travel time spent in this place.
 D = Time resting spent in this place.
 E = Time spent auto-exploring this place.
 F = Levels seen in this place.
 G = Mean time per level.
                   A        B        C        D        E       F      G
               +--------+--------+--------+--------+--------+-----+--------+
         Total |  15090 |  13879 |   1211 |    100 |      0 |  25 |  603.6 |
       Dungeon |   8283 |   7710 |    573 |    100 |      0 |  14 |  591.6 |
        Temple |     62 |     62 |      0 |      0 |      0 |   1 |   62.0 |
          Lair |   4545 |   4078 |    467 |      0 |      0 |   6 |  757.5 |
     Snake Pit |    406 |    406 |      0 |      0 |      0 |   2 |  203.0 |
  Orcish Mines |   1793 |   1623 |    170 |      0 |      0 |   2 |  896.5 |
               +--------+--------+--------+--------+--------+-----+--------+

Top non-repeatable levels by time:
   Orc:2: 1269 daAuts
    D:11: 1197 daAuts
  Lair:6: 933 daAuts
     D:9: 911 daAuts
    D:12: 868 daAuts
    D:13: 868 daAuts
  Lair:1: 848 daAuts
    D:10: 835 daAuts
  Lair:4: 770 daAuts
  Lair:5: 724 daAuts
  Lair:3: 698 daAuts
  Lair:2: 569 daAuts
   Orc:1: 523 daAuts
     D:8: 510 daAuts
     D:7: 498 daAuts
